 Dungeon Crawl Stone Soup version 0.30-a0-304-gdc4b735fe1 (webtiles) character file.

Game seed: 14700724381167073723

51040 lmSkywalker the Thaumaturge (level 14, -2/88 HPs)
             Began as a Gargoyle Earth Elementalist on Oct 20, 2022.
             Was a High Priest of Vehumet.
             Slain by a ghost moth (11 damage)
             ... on level 1 of the Spider Nest.
             The game lasted 02:20:42 (24944 turns).

lmSkywalker the Thaumaturge (GrEE)                 Turns: 24944, Time: 02:20:42

Health: -2/88      AC: 30    Str: 12 (16) XL:     14   Next: 57%
Magic:  0/29       EV: 15    Int: 19 (20) God:    Vehumet [*****.]
Gold:   1159       SH:  0    Dex:  7 (10) Spells: 12/35 levels left

rFire   + . .      SeeInvis .    V - staff of conjuration
rCold   + . .      Faith    +    (no shield)
rNeg    + + .      Spirit   .    R - +5 ring mail of Bad Feelings {Regen+ Int+3}
rPois   ∞          Reflect  .    O - +2 helmet of the Mackerel {rF+ rN+}
rElec   +          Harm     .    (no cloak)
rCorr   .          Rampage  .    p - +0 pair of gloves
Will    +....                    z - +1 pair of boots
Stlth   ++........               w - amulet of faith
HPRegen 1.14/turn                P - ring of protection from cold
MPRegen 0.21/turn                k - +4 ring of evasion

@: flying, studying Shields
A: sickness immunity, AC +10, big wings, negative energy resistance 1,
electricity resistance, torment resistance 1, petrification resistance
a: Renounce Religion


You were on level 1 of the Spider Nest.
You worshipped Vehumet.
Vehumet was extremely pleased with you.
You visited 4 branches of the dungeon, and saw 17 of its levels.

You collected 1159 gold pieces.

Inventory:

Hand Weapons
 B - a +5 flail of venom
 H - a +4 long sword
 N - a +2 flail of holy wrath
Missiles
 D - 4 throwing nets
 J - a curare-tipped dart
Armour
 p - a +0 pair of gloves (worn)
 z - a +1 pair of boots (worn)
 O - the +2 helmet of the Mackerel (worn) {rF+ rN+}
   (You found it on level 9 of the Dungeon)

   rF:        It protects you from fire.
   rN:        It protects you from negative energy.
 R - the +5 ring mail of Bad Feelings (worn) {Regen+ Int+3}
   (You found it on level 10 of the Dungeon)

   Int:       It affects your intelligence (+3).
   Regen:     It increases your rate of health regeneration.
Magical Staves
 U - a staff of death
 V - a staff of conjuration (weapon)
Jewellery
 k - a +4 ring of evasion (right hand)
 w - an amulet of faith (around neck)
 P - a ring of protection from cold (left hand)
Wands
 u - a wand of iceblast (14)
 F - a wand of paralysis (20)
 G - a wand of flame (12)
Scrolls
 a - 2 scrolls of vulnerability
 h - a scroll of summoning {unknown}
 i - 2 scrolls of enchant armour {unknown}
 j - 4 scrolls of teleportation
 m - 2 scrolls of magic mapping
 o - 4 scrolls of enchant weapon
 v - 3 scrolls of fog {unknown}
 y - 3 scrolls of immolation
 A - a scroll of silence {unknown}
 C - 3 scrolls of blinking
 M - a scroll of torment {unknown}
 Q - 3 scrolls of amnesia
Potions
 b - 2 potions of magic
 c - 2 potions of berserk rage
 g - 3 potions of brilliance
 q - 4 potions of haste {unknown}
 s - 2 potions of curing
 t - 3 potions of flight
 x - a potion of cancellation {unknown}
 E - 2 potions of heal wounds
 K - a potion of invisibility
 L - a potion of mutation {unknown}
 S - a potion of ambrosia {unknown}
Miscellaneous
 e - a lightning rod (4/4)
 l - a piece from Xom's chessboard (15/15)
 T - a tin of tremorstones (2/2)


   Skills:
 - Level 10.0 Fighting
 - Level 3.3(3.4) Maces & Flails
 + Level 0.2(2.0) Staves
 - Level 10.5 Armour
 - Level 3.6 Dodging
 - Level 7.3 Stealth
 * Level 11.1 Spellcasting
 + Level 9.9 Conjurations
 + Level 8.1 Summonings
 - Level 2.7 Transmutations
 - Level 4.0 Ice Magic
 - Level 10.5 Earth Magic
 - Level 6.2 Poison Magic
 - Level 2.0 Evocations


You had 12 spell levels left.
You knew the following spells:

 Your Spells              Type           Power      Damage    Failure   Level
a - Olgreb's Toxic Radia  Pois           34%        N/A       2%          4
b - Passwall              Tmut/Erth      29%        N/A       1%          2
c - Stone Arrow           Conj/Erth      100%       3d13      1%          3
d - Frozen Ramparts       Ice            52%        1d8       1%          3
e - Petrify               Tmut/Erth      35%        N/A       9%          4
f - Spellforged Servitor  Conj/Summ      30%        N/A       54%         7

Your spell library contained the following spells:

 Spells                   Type           Power      Damage    Failure   Level
 Sandblast                Erth           100%       2d20      1%          1
 Hailstorm                Conj/Ice       54%        3d12      1%          3
 Spider Form              Tmut/Pois      27%        N/A       6%          3
 Ensorcelled Hibernation  Hex/Ice        36%        N/A       9%          2
 Apportation              Tloc           20%        N/A       13%         1
 Slow                     Hex            40%        N/A       13%         1
 Ice Form                 Ice/Tmut       23%        N/A       30%         4
 Confusing Touch          Hex            10%        N/A       36%         3
 Vampiric Draining        Necr           10%        2d6       36%         3
 Alistair's Intoxication  Tmut/Pois      18%        N/A       50%         5
 Anguish                  Hex/Necr       5%         N/A       77%         4
 Dispel Undead            Necr           10%        3d9       77%         4
 Death Channel            Necr           5%         N/A       100%        6
 Simulacrum               Ice/Necr       9%         N/A       100%        6
 Cigotuvi's Dreadful Rot  Necr/Pois/Air  Unusable   N/A       N/A         2

Dungeon Overview and Level Annotations

Branches:
Dungeon (10/15)            Temple (1/1) D:4            Lair (5/5) D:8
 Shoals (0/4) Lair:3       Spider (1/4) Lair:2        Slime (0/5) Lair:5
    Orc (0/2) D:9

Altars:
Ashenzari
Cheibriados
Dithmenos
Elyvilon
Fedhas
Gozag
Hepliaklqana
Kikubaaqudgha
Makhleb
Nemelex Xobeh
Okawaru
Qazlal
Ru
Sif Muna
Trog
Uskayaw
Vehumet
Wu Jian
Xom
The Shining One
Jiyva

Shops:
D:5 =   D:10 *

Annotations:
D:3 exclusion: scorpion
D:4 2 transporters, 1 exclusion
Lair:2 Fannar
Lair:3 Sonja


Innate Abilities, Weirdness & Mutations

You are immune to sickness and miasma.
Your stone body is resilient. (AC +10)
You are immune to poison.
Your large and strong wings let you fly.
You resist negative energy. (rN+)
You are resistant to electric shocks. (rElec)
You are resistant to unholy torment.
You are immune to petrification.


Message History

The wall freezes something but does no damage. x2
Casting: Olgreb's Toxic Radiance (dangerous; 2% risk of failure)
Confirm with . or Enter, or press ? or * to list all spells.
You can't see any susceptible monsters within range! (Use Z to cast anyway.)
Casting: Olgreb's Toxic Radiance (dangerous; 2% risk of failure)
Confirm with . or Enter, or press ? or * to list all spells.
You begin to radiate toxic energy.
Your frozen ramparts will break if you move.
Continue?
The frozen ramparts melt away as you move.
Your toxic aura wanes.
Casting: Olgreb's Toxic Radiance (dangerous; 2% risk of failure)
Confirm with . or Enter, or press ? or * to list all spells.
Casting: Frozen Ramparts (safe; 1% risk of failure)
Press: ? - help, Dir - look around, f - activate The walls around you are covered in ice.
You flicker for a moment.
The wall freezes something.
Something hits you. Something hits you but does no damage.
Something stings you.
You feel dopey.
The wall freezes something but does no damage.
Something hits you but does no damage. Something hits you!
* * * LOW HITPOINT WARNING * * *
Something stings you but does no damage.
The wall freezes something.
Something barely misses you. Something hits you.
* * * LOW HITPOINT WARNING * * *
Something barely misses you.
The wall freezes something but does no damage.
Something hits you but does no damage. Something hits you!
* * * LOW HITPOINT WARNING * * *
You feel clumsy. Something barely misses you.
The frozen ramparts melt away as you move.
You flicker back into view.
You feel you are being watched by something.
You feel your power leaking away.
You feel you are being watched by something.
You feel your power leaking away.
You feel you are being watched by something.
Something hits you!
You die...

..........##...###
..^##......#####
### # ###.....###
##..
#..##....####...
#.###..†.^......
##.##...^........
##.####...........
#..# #...........
##@## #.......>...
##.####
##..........
##..#..#
#..........
#......#
#...[......
###....#
###...^.... ######
###.....^ #######


There were no monsters in sight!

Vanquished Creatures
  Josephine (Lair:3)
  A catoblepas (Lair:5)
  5 hydras
  A two-headed ogre (D:10)
  5 death yaks (Lair:5)
  A deep troll shaman (Lair:5)
  A lindwurm (Lair:5)
  Pikel (D:8)
  An ugly thing (D:9)
  A wolf spider (Spider:1)
  Joseph (D:7)
  20 elephants
  4 black mambas (Lair:5)
  12 cane toads
  2 rime drakes (Lair:5)
  13 komodo dragons
  3 trolls
  4 polar bears
  11 blink frogs
  A tarantella (Spider:1)
  2 slime creatures (Lair:5)
  6 dream sheep (Lair:5)
  A jumping spider (Spider:1)
  38 yaks
  3 culicivoras (Spider:1)
  4 wyverns
  3 wraiths
  4 basilisks
  Grum (Lair:1)
  A steam dragon (D:8)
  A vampire mosquito (D:9)
  3 redbacks (Lair:2)
  Edmund (D:4)
  18 water moccasins
  A black bear (D:5)
  2 sky beasts (D:8)
  6 orc warriors
  Duvessa (D:7)
  An ice beast (D:6)
  3 ogres
  18 wolves
  4 centaurs
  3 lemures (D:8)
  9 kobold brigands
  11 bullfrogs
  2 scorpions
  3 gnoll sergeants (D:9)
  6 necrophages
  12 wights
  Dowan (D:7)
  6 killer bees (D:8)
  4 howler monkeys
  A centaur zombie (D:4)
  A jelly (Lair:5)
  2 gnoll boudas
  2 orc priests
  4 hounds
  4 iguanas
  6 orc wizards
  12 hell rats
  A scorpion zombie (D:4)
  A hound zombie (D:4)
  A howler monkey zombie (D:4)
  14 gnolls
  5 adders
  2 shadow imps
  A white imp (D:7)
  An adder zombie (D:4)
  2 worms (D:4)
  4 dart slugs
  23 orcs
  7 endoplasms
  7 giant cockroaches
  3 goblins
  14 hobgoblins
  5 jackals
  A quokka (D:4)
  3 ball pythons
  5 bats
  2 frilled lizards
  27 kobolds
  7 rats
436 creatures vanquished.

Vanquished Creatures (others)
  A bush (D:4)
  66 fungi
  45 plants
112 creatures vanquished.

Grand Total: 548 creatures vanquished

Notes
Turn   | Place    | Note
-------+----------+-------------------------------------------
     0 | D:1      | lmSkywalker the Gargoyle Earth Elementalist began the quest
                  | for the Orb.
     0 | D:1      | Reached XP level 1. HP: 10/10 MP: 3/3
    37 | D:1      | Reached XP level 2. HP: 12/15 MP: 0/5
   583 | D:1      | Learned a level 2 spell: Passwall
   647 | D:1      | Reached XP level 3. HP: 19/19 MP: 6/6
  1248 | D:2      | Learned a level 3 spell: Stone Arrow
  1605 | D:2      | Found a faded altar of an unknown god.
  1639 | D:2      | Reached skill level 3 in Spellcasting
  1997 | D:3      | Reached XP level 4. HP: 24/24 MP: 8/8
  2123 | D:3      | Reached skill level 5 in Earth Magic
  2306 | D:3      | Found a shimmering blue altar of Sif Muna.
  2353 | D:3      | Noticed a scorpion
  2393 | D:3      | Found an ancient bone altar of Kikubaaqudgha.
  2794 | D:4      | Found a transporter.
  2820 | D:4      | Found a blossoming altar of Fedhas.
  2824 | D:4      | Noticed a necrophage
  2825 | D:4      | Noticed a necrophage
  2825 | D:4      | Noticed a necrophage
  2825 | D:4      | Noticed a necrophage
  2855 | D:4      | Found a transporter.
  2927 | D:4      | Reached XP level 5. HP: 22/28 MP: 7/10
  3067 | D:4      | Noticed Edmund
  3251 | D:4      | Reached skill level 4 in Spellcasting
  3380 | D:4      | Found a stormy altar of Qazlal.
  3399 | D:4      | Reached XP level 6. HP: 22/32 MP: 10/12
  3400 | D:4      | Found a broken altar of Ashenzari.
  3565 | D:4      | Found a staircase to the Ecumenical Temple.
  3574 | Temple   | Entered the Ecumenical Temple
  3629 | Temple   | Became a worshipper of Vehumet
  3773 | D:4      | Killed Edmund
  3774 | D:4      | Reached skill level 1 in Conjurations
  4007 | D:4      | Reached XP level 7. HP: 33/36 MP: 12/14
  4273 | D:5      | Entered Level 5 of the Dungeon
  4310 | D:5      | Reached skill level 1 in Fighting
  4673 | D:4      | Reached skill level 8 in Spellcasting
  4673 | D:4      | Reached XP level 8. HP: 55/55 MP: 15/20
  4935 | D:5      | Reached XP level 9. HP: 60/60 MP: 15/21
  5129 | D:5      | Found a white marble altar of Elyvilon.
  5720 | D:5      | Found Byed's Jewellery Boutique.
  5735 | D:5      | Reached * piety under Vehumet
  5735 | D:5      | Offered knowledge of Shock by Vehumet.
  6017 | D:5      | Reached skill level 10 in Fighting
  6017 | D:5      | Reached skill level 9 in Spellcasting
  6017 | D:5      | Reached skill level 10 in Earth Magic
  6017 | D:5      | Reached XP level 10. HP: 68/68 MP: 21/23
  6896 | D:6      | Reached skill level 5 in Stealth
  7139 | D:7      | Reached ** piety under Vehumet
  7287 | D:7      | Offered knowledge of Poisonous Vapours by Vehumet.
  7354 | D:7      | Found the +18 Lear's hauberk
  7600 | D:7      | Noticed Joseph
  7616 | D:7      | Killed Joseph
  7725 | D:7      | Noticed Duvessa
  7739 | D:7      | Killed Duvessa
  7753 | D:7      | Noticed Dowan
  7759 | D:7      | Killed Dowan
  8036 | D:7      | Upgraded the game from 0.30-a0-297-g0ec75d9ef4 to
                  | 0.30-a0-304-gdc4b735fe1
  8139 | D:8      | Noticed Pikel
  8145 | D:8      | Killed Pikel
  8145 | D:8      | Offered knowledge of Frozen Ramparts by Vehumet.
  8146 | D:8      | Reached skill level 5 in Conjurations
  8151 | D:8      | Learned a level 3 spell: Frozen Ramparts
  8206 | D:8      | Reached XP level 11. HP: 72/72 MP: 20/24
  8522 | D:8      | Found a staircase to the Lair.
  8702 | D:8      | Reached *** piety under Vehumet
  9421 | D:9      | Found a bloodstained altar of Trog.
 10015 | D:9      | Offered knowledge of Ignite Poison by Vehumet.
 10063 | D:9      | Noticed a green ugly thing
 10274 | D:9      | Found a staircase to the Orcish Mines.
 10607 | D:8      | Reached **** piety under Vehumet
 10626 | D:9      | Offered knowledge of Fireball by Vehumet.
 10671 | D:9      | Reached skill level 10 in Armour
 10858 | D:9      | Found an opulent altar of Gozag.
 10872 | D:9      | Killed a green ugly thing
 10873 | D:9      | Reached skill level 1 in Ice Magic
 10905 | D:9      | Identified the +2 helmet of the Mackerel {rF+ rN+}
 11240 | D:10     | Entered Level 10 of the Dungeon
 11562 | D:10     | Noticed a two-headed ogre
 11864 | D:10     | Found Veyrul's Fire Supplies.
 12466 | D:10     | Reached skill level 1 in Transmutations
 12563 | D:10     | Killed a two-headed ogre
 12724 | D:10     | Identified the +5 ring mail of Bad Feelings {Regen+ Int+3}
 12829 | D:10     | Noticed a green ugly thing
 12829 | D:10     | Noticed a boulder beetle
 12829 | D:10     | Noticed a deep elf pyromancer
 13018 | Lair:1   | Entered Level 1 of the Lair of Beasts
 13440 | Lair:1   | Reached XP level 12. HP: 77/77 MP: 23/25
 13462 | Lair:1   | Found an opulent altar of Gozag.
 13674 | Lair:1   | Learned a level 4 spell: Petrify
 13709 | Lair:1   | Noticed Grum
 13744 | Lair:1   | Killed Grum
 15068 | Lair:2   | Reached ***** piety under Vehumet
 15225 | Lair:2   | Noticed Fannar
 15272 | Lair:2   | Reached skill level 10 in Spellcasting
 15272 | Lair:2   | Reached skill level 1 in Evocations
 15433 | Lair:2   | Offered knowledge of Spellforged Servitor by Vehumet.
 15442 | Lair:2   | Learned a level 7 spell: Spellforged Servitor
 15802 | Lair:2   | Reached skill level 1 in Summonings
 15929 | Lair:2   | Found a hole to the Spider Nest.
 16821 | Lair:3   | Noticed Sonja
 17045 | Lair:3   | Found a staircase to the Shoals.
 17423 | Lair:3   | Reached skill level 5 in Summonings
 17517 | Lair:3   | Noticed Josephine
 17523 | Lair:3   | Killed Josephine
 17524 | Lair:3   | Reached XP level 13. HP: 72/82 MP: 12/27
 18445 | Lair:4   | Offered knowledge of Olgreb's Toxic Radiance by Vehumet.
 19818 | Lair:5   | Entered Level 5 of the Lair of Beasts
 20126 | Lair:5   | Learned a level 4 spell: Olgreb's Toxic Radiance
 20141 | Lair:5   | Reached skill level 1 in Poison Magic
 20509 | Lair:5   | Reached skill level 5 in Poison Magic
 20985 | Lair:5   | Gained mutation: Your large and strong wings let you fly.
                  | [Gargoyle growth]
 20985 | Lair:5   | Reached XP level 14. HP: 88/88 MP: 26/28
 21163 | Lair:5   | Found a staircase to the Slime Pits.
 21177 | Lair:5   | Reached skill level 1 in Maces & Flails
 21330 | Lair:5   | Found a viscous altar of Jiyva.
 24003 | Lair:5   | Reached skill level 11 in Spellcasting
 24668 | Spider:1 | Entered Level 1 of the Spider Nest
 24944 | Spider:1 | Slain by a ghost moth

Illustrated notes

Levels and vault maps discovered:
D:1:      wheals_arrival_shading, layout_basic, chequers_serial_rivers_large_b,
          serial_bayou_ford_a
D:2:      layout_loops_ring, hellmonk_ecumenical_altar_zigzags,
          nrook_mini_vaults
D:3:      layout_basic, mainiacjoe_overflow_24_doors, old_standard_altar
D:4:      gammafunk_wand_slinger, layout_cave_pools,
          mainiacjoe_overflow_catch_the_wave, fedhas_altar_decomposition,
          minmay_temple_entry_gardened_gates, pf_guarded_unrand_woodcutter,
          uniq_edmund
D:5:      layout_layer_cave, lemuel_round_altar, minmay_misc_feat_four_crosses,
          minmay_shop_enchanted_jewellery, nicolae_eternal_life,
          hangedman_abyss_or_decor_passed, corexii_hall_statues_u,
          patterned_corridor
D:6:      layout_basic
D:7:      layout_rooms, hellmonk_guarded_unrand_lears, uniq_duvessa, uniq_joseph
D:8:      layout_loops_ring, lair_entry_dummy, kennysheep_flooded_box,
          grunt_ministairs_6, uniq_pikel
D:9:      layout_basic, mainiacjoe_overflow_boulevard,
          mainiacjoe_overflow_catwalk, kennysheep_orc_monster_closet_entryway
D:10:     layout_stronghold, lemuel_round_altar, serial_column_ruins,
          column_ruins_hut, column_ruins_hut, column_ruins_grid_1,
          column_ruins_corridor_corner, column_ruins_open_tiny,
          column_ruins_open_tiny, column_ruins_open_small,
          column_ruins_corridor_straight, column_ruins_corridor_corner,
          nicolae_shop_fire_sale [nicolae_sub_dead_trees], minivault_28
Temple:   dshaligram_water_room_temple
Lair:1:   layout_layer_cave, basic_altar, beast_lair_carwin_8, uniq_grum
Lair:2:   layout_cave_pods, spider_nest_entry_webs, st_stairs_3,
          beast_lair_carwin_7, grunt_megastairs_3, uniq_fannar
Lair:3:   layout_long_grid, shoals_dummy_entry, lemuel_fruit_fields,
          uniq_josephine, uniq_sonja
Lair:4:   layout_big_grid, infiniplex_staircase_pool_2
Lair:5:   grunt_lair_end_beastmaster, layout_small_grid,
          minmay_slime_entry_pillars, lemuel_fruit_tree, serial_bayou_shore_b
Spider:1: layout_cave_pods, hangedman_spider_tarantella_strand

Skill      XL: |  1  2  3  4  5  6  7  8  9 10 11 12 13 14 |
---------------+-------------------------------------------+-----
Earth Magic    | 4 5 6 10 | 10.5
Spellcasting   | 3 4 8 9 10 11 | 11.1
Conjurations   | 2 5 6 9 |  9.9
Fighting       | 8 10 | 10.0
Stealth        | 3 4 5 7 |  7.3
Armour         | 7 8 10 | 10.5
Ice Magic      | 4 |  4.0
Transmutations | 2 |  2.7
Dodging        | 3 |  3.6
Evocations     | 2 |  2.0
Summonings     | 5 7 8 |  8.1
Poison Magic   | 6 |  6.2
Maces & Flails | 3 |  3.3
Staves         | |  0.2

Action                   |  1- 3 |  4- 6 |  7- 9 | 10-12 | 13-15 || total
-------------------------+-------+-------+-------+-------+-------++-------
Melee: Spear             |   152 |       |       |       |       ||   152
       Punch             |     2 |       |       |     5 |     8 ||    15
       Trident           |     9 |    28 |       |       |       ||    37
       Rapier            |       |    58 |       |       |       ||    58
       Flail             |       |    14 |    41 |   426 |   311 ||   792
       Staff             |       |       |       |       |    21 ||    21
Throw: Stone             |     3 |     2 |       |       |       ||     5
       Dart              |       |     2 |     2 |    16 |       ||    20
 Cast: Sandblast         |    12 |    18 |    42 |   137 |       ||   209
       Stone Arrow       |       |     8 |     4 |    84 |   123 ||   219
       Passwall          |       |       |     1 |     8 |       ||     9
       Frozen Ramparts   |       |       |       |    35 |    44 ||    79
       Olgreb's Toxic Ra |       |       |       |       |    46 ||    46
       Petrify           |       |       |       |       |     3 ||     3
  Use: Scroll            |     1 |       |     4 |     9 |     2 ||    16
       Potion            |       |       |     2 |       |     5 ||     7
 Stab: Sleeping          |    10 |     3 |       |     3 |       ||    16
       Distracted        |     1 |       |       |       |       ||     1
       Petrified         |       |       |       |       |     3 ||     3
Armor: Robe              |    46 |    31 |     4 |       |       ||    81
       Ring mail         |       |       |    12 |   119 |   314 ||   445
       Chain mail        |       |       |       |   240 |       ||   240
Dodge: Dodged            |    85 |    93 |    39 |   384 |   352 ||   953

Table legend: (Time is in decaauts)
 A = Elapsed time spent in this place.
 B = Non-inter-level travel time spent in this place.
 C = Inter-level travel time spent in this place.
 D = Time resting spent in this place.
 E = Time spent auto-exploring this place.
 F = Levels seen in this place.
 G = Mean time per level.
                   A        B        C        D        E       F      G
               +--------+--------+--------+--------+--------+-----+--------+
         Total |  25459 |  24039 |   1420 |   7646 |   5480 |  17 | 1497.6 |
       Dungeon |  13243 |  12487 |    756 |   3153 |   3437 |  10 | 1324.3 |
        Temple |     64 |     56 |      8 |      0 |     35 |   1 |   64.0 |
          Lair |  11872 |  11217 |    655 |   4356 |   2008 |   5 | 2374.4 |
   Spider Nest |    277 |    277 |      0 |    137 |      0 |   1 |  277.0 |
               +--------+--------+--------+--------+--------+-----+--------+

Top non-repeatable levels by time:
  Lair:5: 4811 daAuts
  Lair:2: 2024 daAuts
  Lair:1: 2003 daAuts
  Lair:4: 1899 daAuts
     D:8: 1822 daAuts
     D:5: 1653 daAuts
    D:10: 1651 daAuts
     D:4: 1621 daAuts
     D:9: 1618 daAuts
     D:1: 1213 daAuts
  Lair:3: 1133 daAuts
     D:3: 1057 daAuts
     D:7: 1033 daAuts
     D:6: 866 daAuts
     D:2: 705 daAuts
